 Dungeon Crawl Stone Soup version 0.29.1-15-g9cfb28693d (webtiles) character file.

Game seed: 16185396785772176827

41 Wiggles the Chopper (level 3, -1/46 HPs)
             Began as a Minotaur Berserker on Mar 28, 2023.
             Was a Believer of Trog.
             Killed from afar by Sigmund (12 damage)
             ... with a bolt of dispelling energy
             ... on level 2 of the Dungeon.
             The game lasted 00:01:51 (993 turns).

Wiggles the Chopper (Minotaur Berserker)             Turns: 993, Time: 00:01:52

Health: -1/46      AC:  4    Str: 23    XL:     3   Next: 32%
Magic:  2/2        EV: 11    Int:  4    God:    Trog [**....]
Gold:   45         SH:  0    Dex:  9    Spells: 2/2 levels left

rFire   . . .      SeeInvis .   a - +0 hand axe
rCold   . . .      Faith    .   (no shield)
rNeg    . . .      Spirit   .   i - +0 leather armour
rPois   .          Reflect  .   (helmet restricted)
rElec   .          Harm     .   (no cloak)
rCorr   .          Rampage  .   (no gloves)
Will    .....                   c - +0 pair of boots
Stlth   ..........              (no amulet)
HPRegen 0.15/turn               (no ring)
MPRegen 0.08/turn               (no ring)

@: berserking (expiring), very quick
A: horns 2, retaliatory headbutt
a: Renounce Religion, Berserk, Trog's Hand


You were on level 2 of the Dungeon.
You worshipped Trog.
Trog was pleased with you.
You visited 1 branch of the dungeon, and saw 2 of its levels.

You collected 45 gold pieces.

Inventory:

Hand Weapons
 a - a +0 hand axe (weapon)
Armour
 c - a +0 pair of boots (worn)
 i - a +0 leather armour (worn)
Scrolls
 e - a scroll of fear {unknown}
 f - 2 scrolls of silence {unknown}
 g - a scroll of vulnerability {unknown}
 h - a scroll of noise {unknown}
Potions
 d - 2 potions of flight {unknown}


   Skills:
 - Level 3.6 Fighting
 + Level 5.4 Axes
 - Level 2.4 Armour
 - Level 2.1 Dodging


You had 2 spell levels left.
You didn't know any spells.
Your spell library was empty.

Dungeon Overview and Level Annotations

Branches:
Dungeon (2/15)

Altars:

Shops:
D:1 (

Annotations:
D:2 Sigmund


Innate Abilities, Weirdness & Mutations

You have a pair of horns on your head.
You reflexively headbutt those who attack you in melee.


Message History

You barely miss the quokka. The quokka barely misses you.
The quokka misses you.
You see here a worm corpse.
You slash the quokka!
You kill the quokka!
Trog accepts your kill.
You see here a quokka corpse.
HP restored.
You see here a worm corpse.
Found 5 stones.
There is a stone staircase leading up here.
Found a stone staircase leading down.
f - 2 scrolls labelled PATAISOIROR (gained 1)
You see here 5 stones.
Sigmund the Dreaded comes into view.
He is wielding a +0 scythe and carrying a wand of quicksilver (5).
Sigmund shouts!
Sigmund zaps a wand.
The bolt of dispelling energy misses you.
Sigmund zaps a wand.
The bolt of dispelling energy hits you!
A red film seems to cover your vision as you go berserk!
You feel yourself moving faster!
You feel mighty! Sigmund casts a spell at you. The puff of flame hits you!
You feel a strong urge to attack something.
Found a puce potion and a scroll labelled OTUMIA GIONT.
Sigmund closely misses you.
You barely miss Sigmund. Your headbutt misses Sigmund.
You closely miss Sigmund. Your headbutt misses Sigmund.
Sigmund hits you with a +0 scythe!
* * * LOW HITPOINT WARNING * * *
You slash Sigmund!
Sigmund is moderately wounded.
You barely miss Sigmund.
Sigmund is moderately wounded.
Sigmund zaps a wand.
The bolt of dispelling energy misses you.
You closely miss Sigmund. You headbutt Sigmund.
Sigmund is heavily wounded.
Sigmund zaps a wand.
The bolt of dispelling energy hits you!
You die...

############
#........>.#
#..........#
#..........####
#.............# .##
#.............#
!...#####.............#
###............(......#
#.....@@..............#
#......##.............#
....... #...........<.#
.....?. ######....#...##
....... #....#..##..
....... ##....#.###..
#......#.###...###.# #..
...............###.###..
#...<.[.....†.


You could see Sigmund.

Vanquished Creatures
  A worm (D:2)
  2 dart slugs (D:1)
  4 bats (D:1)
  An endoplasm (D:1)
  3 giant cockroaches (D:1)
  3 goblins (D:1)
  2 hobgoblins (D:1)
  4 quokkas
  5 ball pythons (D:1)
  3 frilled lizards (D:1)
  2 kobolds (D:1)
  A rat (D:1)
31 creatures vanquished.

Notes
Turn   | Place    | Note
-------+----------+-------------------------------------------
     0 | D:1      | Wiggles the Minotaur Berserker began the quest for the Orb.
     0 | D:1      | Reached XP level 1. HP: 19/19 MP: 0/0
    87 | D:1      | Reached skill level 4 in Axes
   185 | D:1      | Reached XP level 2. HP: 26/26 MP: 1/1
   357 | D:1      | Reached skill level 5 in Axes
   513 | D:1      | Reached ** piety under Trog
   514 | D:1      | Reached XP level 3. HP: 31/31 MP: 2/2
   536 | D:1      | Found Fuallucw's Weapon Shoppe.
   982 | D:2      | Noticed Sigmund
   993 | D:2      | Killed from afar by Sigmund

Illustrated notes

Levels and vault maps discovered:
D:1:      minmay_arrival_radiant_lines, layout_loops_ring, serial_shops,
          nicolae_shop_bloodbath_and_beyond
D:2:      layout_rooms, basic_altar, serial_shops, nicolae_shop_behind_doors,
          shop, uniq_sigmund

Skill      XL: |  1  2 |
---------------+-------+-----
Axes           | 4 5 |  5.4
Fighting       | |  3.6
Armour         | |  2.4
Dodging        | |  2.1

Action                   || total
-------------------------++-------
Melee: Hand axe          ||    63
       Headbutt          ||    12
Invok: Berserk           ||     1
Armor: Animal skin       ||    16
       Leather armour    ||     4
Dodge: Dodged            ||    52
